AoeStats
← DAGRON

MegaRandom

509251663Analyzed
3v3 RM · 24d ago on Sep 26, 2026· 40m 39s· 6 players
Game mode
Random Map
Map size
Normal (6 player)
Population
200
Speed
Normal
Resources
Standard
Victory
Conquest
Starting age
Dark Age
Ending age
Imperial Age
RankedLock teamsTeams togetherTeam positionsShared explorationLock speedFull tech treeHidden civsTurbo modeCheats
Victory
Defeat
🇲🇽 Magyars · Mexico
851
+16
🇨🇳 Franks · China
849
+16
🇵🇪 Britons · Peru
829
+17
vs
🇺🇸 Danes · United States
966
-20
🇺🇸 Varangians · United States
831
-16
🇺🇸 Byzantines · United States
760
-13
mrusuario0001
1:53 Loom
17:28 Feudal Age
17:56 Double-Bit Axe
18:49 Wheelbarrow
18:12 Gold Mining
18:09 Horse Collar
19:02 Fishing Lines
19:37 Scale Barding Armor
19:46 Bloodlines
24:17 Castle Age
25:41 Gold Shaft Mining
25:24 Bow Saw
25:55 Gillnets
26:03 Light Cavalry
26:46 Husbandry
27:02 Stone Mining
28:19 Chain Barding Armor
28:22 Heavy Plow
31:04 Hand Cart
30:43 Fletching
31:27 Corvinian Army
31:37 Bodkin Arrow
32:53 Ballistics
32:49 Treadmill Crane
34:17 Padded Archer Armor
34:14 Town Watch
37:47 Imperial Age
37:26 Leather Archer Armor
38:58 Parthian Tactics
39:50 Chemistry
38:53 Bracer
39:29 Plate Barding Armor
39:44 Conscription
40:08 Crop Rotation
40:45 Two-Man Saw
39:52 Town Patrol
39:44 Man-at-Arms
40:48 Recurve Bow
Jose_El_Mc
12:52 Feudal Age
12:59 Feudal Age
14:38 Double-Bit Axe
14:36 Horse Collar
16:31 Stone Mining
16:31 Gold Mining
21:29 Castle Age
21:37 Castle Age
20:41 Fishing Lines
20:56 Fletching
21:06 Padded Archer Armor
21:17 Forging
22:53 Bow Saw
22:48 Heavy Plow
23:26 Gold Shaft Mining
23:56 Bodkin Arrow
43:46 Imperial Age
Noob.
0:38 Loom
14:06 Feudal Age
15:48 Double-Bit Axe
15:40 Man-at-Arms
16:06 Arson
16:46 Forging
17:47 Scale Barding Armor
23:04 Castle Age
24:26 Husbandry
25:07 Iron Casting
26:33 Chain Barding Armor
29:24 Gold Mining
38:42 Bow Saw
42:06 Imperial Age
DAGRON
13:07 Feudal Age
14:24 Double-Bit Axe
19:58 Castle Age
20:51 Scale Barding Armor
22:58 Scale Barding Armor
24:50 Horse Collar
25:58 Fishing Lines
27:57 Forging
27:46 Pikeman
29:27 Bow Saw
31:19 Bloodlines
34:23 Scale Mail Armor
Big2Tuna
0:31 Loom
13:21 Feudal Age
14:39 Wheelbarrow
13:51 Horse Collar
14:20 Double-Bit Axe
17:58 Gold Mining
22:39 Castle Age
27:25 Bow Saw
29:34 Heavy Plow
30:01 Forging
29:57 Scale Barding Armor
29:53 Pikeman
30:34 Squires
32:45 Elite Skirmisher
34:37 Padded Archer Armor
34:28 Fletching
Sanguinius7193
0:36 Loom
14:12 Feudal Age
18:45 Castle Age
16:41 Fishing Lines
18:42 Fletching
22:49 Gillnets
24:30 Double-Bit Axe
26:01 Wheelbarrow
28:17 Scale Mail Armor
30:32 Chain Mail Armor
35:24 Forging
37:49 Iron Casting
Connection lost

Rejoining the realm…

Still unreachable

The connection could not be restored.

Session expired

The server has moved on; the page needs a fresh start.